 Dungeon Crawl Stone Soup version 0.30.0-15-g856e2d3f33 (webtiles) character file.

Game seed: 11557230807991375928

16085 Jackthecabe the Prestidigitator (level 12, -1/102 HPs)
             Began as a Gnoll Wanderer on May 19, 2023.
             Was a High Priest of Ashenzari.
             Killed by divine providence
             ... invoked by a meliai
              (12 damage)
             ... on level 13 of the Dungeon.
             The game lasted 00:32:35 (16042 turns).

Jackthecabe the Prestidigitator (Gnoll Wanderer)   Turns: 16042, Time: 00:32:36

Health: -1/102     AC: 17    Str: 19    XL:     12   Next: 33%
Magic:  27/27      EV: 14    Int: 18    God:    Ashenzari [*****.]
Gold:   811        SH:  0    Dex:  9    Spells: 26/34 levels left

rFire   . . .        a - +2 trident "Regret of Ashenzari" {flame, Alch, Melee} (curse)
rCold   . . .        (no shield)
rNeg    . . .        J - +0 troll leather armour of Ouranomancy {Regen+, regen, Alch, Melee} (curse)
rPois   .            (no helmet)
rElec   .            O - +0 cloak "Elysian Disappointment" {Fort, Comp} (curse)
rCorr   .            A - +0 pair of gloves of Desmomancy {Self, Elem} (curse)
SInv    +            o - +3 pair of seven-league boots {Rampage+∞, Evo, Melee} (curse)
Will    .....        L - amulet "Share My Optimism" {Regen+, Comp, Self} (curse)
Stlth   ++++         l - ring "Shattered With Me" {Int+6, Comp, Cun} (curse)
HPRegen 1.97/turn    n - ring of Ashenzari's Ennui {AC+4, Self, Elem} (curse)
MPRegen 0.20/turn

%: clarity, rampage+∞
@: lethally poisoned (-1 -> -3)
A: fangs 1, strong nose, distributed training
a: Renounce Religion, Shatter the Chains


You were on level 13 of the Dungeon.
You worshipped Ashenzari.
Ashenzari was extremely pleased with you.
You visited 2 branches of the dungeon, and saw 14 of its levels.

You collected 833 gold pieces.
You spent 22 gold pieces at shops.

Inventory:

Hand Weapons
 a - the cursed +2 trident "Regret of Ashenzari" (weapon) {flame, Alch, Melee}
   (You took it off a gnoll sergeant on level 10 of the Dungeon)

   It has a curse which improves the following skills: Alchemy: Poison Magic and
   Transmutations.
   Melee Combat: Short Blades, Long Blades, Axes, Maces & Flails, Polearms,
   Staves and Unarmed Combat.
 b - a +1 dagger of venom
   (You took it off an orc priest on level 3 of the Dungeon)
 z - a +0 antimagic spear
   (You took it off a gnoll on level 3 of the Dungeon)
Missiles
 j - 7 throwing nets {=f, !d}
 u - 13 poisoned darts
Armour
 o - the cursed +3 pair of seven-league boots (worn) {Rampage+∞, Evo, Melee}
   (You acquired it on level 9 of the Dungeon)

   Rampage+∞: When moving toward enemies, its wearer moves as far as possible,
   alerting their target en route.
   It has a curse which improves the following skills: Evocations: Evocations.
   Melee Combat: Short Blades, Long Blades, Axes, Maces & Flails, Polearms,
   Staves and Unarmed Combat.
 A - the cursed +0 pair of gloves of Desmomancy (worn) {Self, Elem}
   (You found it on level 5 of the Dungeon)

   It has a curse which improves the following skills: Introspection: Fighting
   and Spellcasting.
   Elements:  Fire Magic, Ice Magic, Air Magic and Earth Magic.
 J - the cursed +0 troll leather armour of Ouranomancy (worn) {Regen+, regen, Alch, Melee}
   (You found it on level 8 of the Dungeon)

   Regen:     It increases your rate of health regeneration.
   It has a curse which improves the following skills: Alchemy: Poison Magic and
   Transmutations.
   Melee Combat: Short Blades, Long Blades, Axes, Maces & Flails, Polearms,
   Staves and Unarmed Combat.
 O - the cursed +0 cloak "Elysian Disappointment" (worn) {Fort, Comp}
   (You found it on level 6 of the Dungeon)

   It has a curse which improves the following skills: Fortitude: Armour and
   Shields.
   Companions: Summonings and Necromancy.
 P - a scarf of resistance
   (You found it on level 11 of the Dungeon)
Jewellery
 l - the cursed ring "Shattered With Me" (left hand) {Int+6, Comp, Cun}
   (You found it on level 3 of the Dungeon)

   [ring of intelligence]

   Int:       It affects your intelligence (+6).
   It has a curse which improves the following skills: Companions: Summonings
   and Necromancy.
   Cunning:   Dodging and Stealth.
 n - the cursed ring of Ashenzari's Ennui (right hand) {AC+4, Self, Elem}
   (You found it on level 3 of the Dungeon)

   [ring of protection]

   AC:        It affects your AC (+4).
   It has a curse which improves the following skills: Introspection: Fighting
   and Spellcasting.
   Elements:  Fire Magic, Ice Magic, Air Magic and Earth Magic.
 C - a ring of protection from cold {rC+}
   (You found it on level 11 of the Dungeon)
 F - a ring of resist corrosion
   (You found it on level 7 of the Dungeon)
 L - the cursed amulet "Share My Optimism" (around neck) {Regen+, Comp, Self}
   (You found it on level 8 of the Dungeon)

   [amulet of regeneration]

   Regen:     It increases your rate of health regeneration.
   It has a curse which improves the following skills: Companions: Summonings
   and Necromancy.
   Introspection: Fighting and Spellcasting.
Wands
 e - a wand of acid (11)
   (You found it on level 8 of the Dungeon)
 w - a wand of mindburst (4)
   (You bought it in a shop on level 5 of the Dungeon)
 I - a wand of flame (27)
   (You found it on level 7 of the Dungeon)
 S - a wand of charming (6)
   (You found it on level 13 of the Dungeon)
Scrolls
 c - 6 scrolls of teleportation {!r!d, @r3}
 d - 2 scrolls of fear
 g - 2 scrolls of vulnerability {!r!r}
 h - 2 scrolls of immolation {!r}
 m - 4 scrolls of enchant armour
 p - a scroll of magic mapping {!r}
 s - 4 scrolls of blinking {!r!d}
 v - 2 scrolls of enchant weapon
 x - a scroll of amnesia
 y - 3 scrolls of poison {!r}
 D - 2 scrolls of torment {!r!r}
 H - 2 scrolls of brand weapon
 Q - a scroll of silence
Potions
 f - 4 potions of heal wounds {@q2, !d}
 i - 5 potions of brilliance
 k - 4 potions of flight
 r - a potion of lignification {!q}
 t - a potion of curing {@q1, !d}
 B - a potion of cancellation
 E - 3 potions of attraction {!q}
 G - 3 potions of haste
 K - a potion of might
 M - a potion of invisibility
Miscellaneous
 N - a lightning rod (4/4)
   (You found it on level 9 of the Dungeon)
 R - a box of beasts
   (You found it on level 12 of the Dungeon)


   Skills:
 + Level 7.9(12.1) Fighting
 + Level 7.4(11.6) Short Blades
 + Level 7.4(11.6) Long Blades
 + Level 7.4(11.6) Axes
 + Level 7.4(11.6) Maces & Flails
 + Level 10.0(14.1) Polearms
 + Level 7.4(11.6) Staves
 + Level 7.4 Ranged Weapons
 + Level 7.4 Throwing
 + Level 7.4(9.6) Armour
 + Level 7.4(9.6) Dodging
 + Level 7.9(10.1) Stealth
 + Level 7.4(9.6) Shields
 + Level 7.4(11.6) Unarmed Combat
 + Level 7.4(11.6) Spellcasting
 + Level 6.2 Conjurations
 + Level 6.2 Hexes
 + Level 6.2(10.3) Summonings
 + Level 6.2(10.3) Necromancy
 + Level 6.2 Translocations
 + Level 6.2(9.4) Transmutations
 + Level 6.2(9.4) Fire Magic
 + Level 6.2(9.4) Ice Magic
 + Level 6.2(9.4) Air Magic
 + Level 6.2(9.4) Earth Magic
 + Level 6.2(9.4) Poison Magic
 + Level 8.2 Invocations
 + Level 12.7(14.8) Evocations


You had 26 spell levels left.
You knew the following spells:

 Your Spells              Type           Power      Damage    Failure   Level
a - Vhi's Electric Charg  Tloc/Air       76%        N/A       1%          3
b - Manifold Assault      Tloc           32%        N/A       6%          4
g - Apportation           Tloc           64%        N/A       1%          1

Your spell library contained the following spells:

 Spells                   Type           Power      Damage    Failure   Level
 Necrotise                Necr           100%       1d9       1%          1
 Slow                     Hex            100%       N/A       1%          1
 Summon Small Mammal      Summ           100%       N/A       1%          1
 Blink                    Tloc           64%        N/A       1%          2
 Lesser Beckoning         Tloc           64%        N/A       1%          2
 Momentum Strike          Conj/Tloc      64%        3d9       1%          2
 Call Canine Familiar     Summ           47%        N/A       1%          3
 Confusing Touch          Hex            32%        N/A       1%          3
 Summon Guardian Golem    Hex/Summ       40%        N/A       1%          3
 Vampiric Draining        Necr           47%        2d9       1%          3
 Arcjolt                  Conj/Air       19%        1d29      9%          5
 Iskenderun's Battlesphe  Conj           32%        2d8       17%         5
 Iron Shot                Conj/Erth      19%        9d4       43%         6
 Dispersal                Tloc           16%        N/A       67%         6
 Spellforged Servitor     Conj/Summ      20%        N/A       91%         7
 Disjunction              Tloc           16%        N/A       100%        8
 Maxwell's Capacitive Co  Air            22%        ∞         100%        8


Dungeon Overview and Level Annotations

Branches:
Dungeon (13/15)            Temple (1/1) D:7            Lair (0/5) D:8
    Orc (0/2) D:11
 Vaults: D:13-14

Altars:
Ashenzari
Cheibriados
Dithmenos
Elyvilon
Fedhas
Gozag
Hepliaklqana
Kikubaaqudgha
Makhleb
Nemelex Xobeh
Okawaru
Qazlal
Ru
Sif Muna
Trog
Uskayaw
Vehumet
Wu Jian
Xom
Yredelemnul
Zin
The Shining One

Annotations:
D:7 3 runed translucent doors, ystael's ghost, novice MiFi


Innate Abilities, Weirdness & Mutations

You have very sharp teeth.
Your uncanny sense of smell can sniff out nearby items.
Your experience applies equally to all skills.


Message History

You reach to attack!
You puncture the meliai! You burn the meliai.
The meliai hits you with a +0 hand axe. The meliai closely misses you.
You take 3 damage, and have 99/102 hp.
You closely miss the meliai. You bite the meliai, but do no damage.
The troll shouts!
The meliai hits you with a +0 hand axe.
The meliai stings you but does no damage.
You take 1 damage, and have 98/102 hp.
You hit the meliai. You burn the meliai.
The meliai calls down the wrath of its god upon you.
Something smites you!
The meliai invokes the aid of its god against you.
Something smites you!
You take 26 damage, and have 72/102 hp.
MASSIVE DAMAGE!!
You hit the meliai but do no damage. Your bite misses the meliai.
A meliai comes into view. It is wielding a +0 hand axe.
The meliai hits you with a +0 hand axe. The meliai barely misses you.
You take 3 damage, and have 69/102 hp.
The meliai buzzes angrily.
You hit the meliai. You burn the meliai.
You kill the meliai!
The meliai invokes the aid of its god against you.
Something smites you!
You take 6 damage, and have 63/102 hp.
The meliai invokes the aid of its god against you.
Something smites you!
You take 8 damage, and have 55/102 hp.
You closely miss the troll. The troll closely misses you. The troll claws you!
The troll misses you. The meliai hits you but does no damage.
The meliai completely misses you.
You take 8 damage, and have 47/102 hp.
You barely miss the meliai. The meliai closely misses you.
The meliai stings you but does no damage.
The troll bites you but does no damage. The troll claws you but does no damage.
The troll claws you.
You take 2 damage, and have 45/102 hp.
You hit the meliai. You burn the meliai. The meliai hits you with a +0 war axe.
The meliai stings you but does no damage.
The meliai hits you with a +0 hand axe.
The meliai stings you but does no damage.
You take 4 damage, and have 41/102 hp.
You barely miss the meliai. The meliai closely misses you.
The meliai stings you.
You are poisoned.
The meliai poisons you! The meliai misses you. The meliai stings you!
You are more poisoned.
The meliai poisons you! The troll bites you but does no damage.
The troll claws you but does no damage. The troll barely misses you.
You take 10 damage, and have 31/102 hp.
You closely miss the meliai. You punch the meliai!
You bite the meliai, but do no damage.
You feel very sick. The meliai closely misses you.
The meliai barely misses you. The meliai closely misses you.
The meliai stings you but does no damage.
You take 4 damage, and have 27/102 hp.
You are too injured to fight recklessly!
Okay, then.
Okay, then.
Aiming: Fastroot The roots erupt in riotous growth!
Roots grab the meliai. x2; Roots grab the troll.
The now-empty wand crumbles to dust.
The grasping roots constrict the meliai! x2
The grasping roots constrict the troll.
You feel extremely sick.
You hear a shout!
You hear a horrible gurgling sound!
The meliai hits you but does no damage. The meliai closely misses you.
The meliai calls upon its god to heal the meliai.
The meliai's wounds heal themselves!
The troll bites you but does no damage. The troll claws you!
* * * LOW HITPOINT WARNING * * *
The troll claws you but does no damage. The meliai completely misses you.
The meliai stings you but does no damage.
The meliai mumbles some strange prayers to its god against you.
Something smites you!
* * * LOW HITPOINT WARNING * * *
Unknown command.
You take 21 damage, and have 6/102 hp.
MASSIVE DAMAGE!!
Unknown command.
Unknown command.
Unknown command.
You feel much better.
The grasping roots constrict the meliai! x2
You kill the meliai!
The grasping roots constrict the troll!
You feel very sick.
The meliai mumbles some strange prayers to its god against you.
Something smites you!
* * * LOW HITPOINT WARNING * * *
The troll barely misses you.
The troll claws you but does no damage. x2
The meliai closely misses you.
The meliai stings you but does no damage.
You regained 7 hp, and now have 13/102 hp.
The grasping roots constrict the meliai!
The grasping roots constrict the troll!!
You feel very sick.
The meliai invokes the aid of its god against you.
Something smites you!
You die...

, ,, (. ,.. ,.#.#
,......##.. ,, ...##.##.#.
*....###..#..
...#..................... ,
..........,.##.......#... ,
,
,,.....#...##..........###.
, #.......>.#..........##..
,
*,*#.....)T................#
*, ,
......y.................. *
#......)@................ ,
#.<.....#.....#......##.. ,
........#..........###### **
#.........#.........###
#.........#........<..##*
*#.....#........####....#.
.....#####......##.......
#... #.##...#........ .
#...............


You could see a troll (rooted) and a meliai (rooted).

Vanquished Creatures
  A hydra (D:13)
  2 boulder beetles (D:11 D:12)
  2 two-headed ogres (D:10 D:12)
  A deep troll (D:10)
  A cyclops (D:9)
  2 ugly things (D:10 D:12)
  3 manticores (D:11 D:12)
  Psyche (D:11)
  2 kobold demonologists (D:8 D:12)
  2 meliai (D:13)
  8 trolls (D:8 D:9 D:11 D:12 D:13)
  A hornet (D:8)
  A wyvern (D:9)
  9 yaks (D:5 D:6 D:10 D:9)
  A wraith (D:10)
  3 shadows (D:10 D:12)
  A vampire (D:10)
  A basilisk (D:12)
  2 vampire mosquitoes (D:12)
  An acid dragon (D:11)
  A water moccasin (D:7)
  4 orc warriors (D:9 D:10 D:11)
  2 ice beasts (D:5 D:7)
  A sky beast (D:7)
  2 black bears (D:3 D:5)
  3 ogres (D:5 D:6)
  2 centaurs (D:6 D:10)
  3 wolves (D:8)
  3 kobold brigands (D:7 D:9 D:12)
  A phantom (D:6)
  4 bullfrogs (D:5 D:6 D:7)
  A gnoll sergeant (D:10)
  2 scorpions (D:4 D:5)
  A wight (D:6)
  6 killer bees (D:11)
  2 electric eels (D:8)
  6 howler monkeys (D:7 D:9)
  9 hounds (D:6 D:8 D:7)
  2 jellies (D:6 D:7)
  10 orc priests (D:3 D:8 D:9 D:11)
  3 gnoll boudas (D:4 D:6)
  3 iguanas (D:5 D:6)
  10 orc wizards (D:3 D:8 D:9 D:10 D:11)
  2 sleepcaps (D:6 D:7)
  29 gnolls (D:3 D:4 D:5 D:6 D:10)
  8 adders (D:2 D:4 D:5 D:6)
  3 shadow imps (D:6 D:7 D:8)
  3 white imps (D:5 D:6)
  2 worms (D:2 D:4)
  3 dart slugs (D:1 D:2)
  58 orcs (D:2 D:3 D:4 D:5 D:8)
  3 endoplasms (D:1 D:4)
  3 giant cockroaches (D:1 D:3)
  10 goblins (D:1 D:2 D:3)
  6 hobgoblins (D:1 D:2 D:3)
  9 jackals (D:1 D:3)
  17 kobolds (D:1 D:2 D:3 D:4 D:7)
  3 quokkas (D:1 D:2)
  6 ball pythons (D:1 D:2 D:3 D:4)
  7 bats (D:1 D:2 D:3)
  3 frilled lizards (D:1 D:2 D:3)
  14 rats (D:1 D:2 D:3)
  A spectral orc (D:8)
316 creatures vanquished.

Notes
Turn   | Place    | Note
-------+----------+-------------------------------------------
     0 | D:1      | Reached skill level 10 in Evocations
     0 | D:1      | Jackthecabe the Gnoll Wanderer began the quest for the Orb.
     0 | D:1      | Jackthecabe set off with the following items: a +0 spear, a
                  | wand of roots (4), a scroll of teleportation {!r!d, @r3}, a
                  | scroll of fear, a +0 leather armour.
     0 | D:1      | Reached XP level 1. HP: 17/17 MP: 1/1
    49 | D:1      | Reached XP level 2. HP: 23/23 MP: 2/2
   336 | D:1      | Reached XP level 3. HP: 27/28 MP: 3/3
   357 | D:1      | You fall into a shaft and drop 1 floor!
   413 | D:2      | Reached skill level 1 in Invocations
   426 | D:2      | HP: 11/28 [orc/+0 mace (4)]
   432 | D:2      | HP: 7/28 [rat (1)]
   437 | D:2      | HP: 6/28 [bat (1)]
   583 | D:1      | Reached skill level 1 in Short Blades
   583 | D:1      | Reached skill level 1 in Long Blades
   583 | D:1      | Reached skill level 1 in Axes
   583 | D:1      | Reached skill level 1 in Maces & Flails
   583 | D:1      | Reached skill level 1 in Staves
   583 | D:1      | Reached skill level 1 in Ranged Weapons
   583 | D:1      | Reached skill level 1 in Throwing
   583 | D:1      | Reached skill level 1 in Armour
   583 | D:1      | Reached skill level 1 in Dodging
   583 | D:1      | Reached skill level 1 in Shields
   583 | D:1      | Reached skill level 1 in Unarmed Combat
   583 | D:1      | Reached skill level 1 in Spellcasting
   919 | D:1      | Reached XP level 4. HP: 34/34 MP: 5/5
  1415 | D:2      | Reached skill level 1 in Conjurations
  1415 | D:2      | Reached skill level 1 in Hexes
  1415 | D:2      | Reached skill level 1 in Summonings
  1415 | D:2      | Reached skill level 1 in Necromancy
  1415 | D:2      | Reached skill level 1 in Translocations
  1415 | D:2      | Reached skill level 1 in Transmutations
  1415 | D:2      | Reached skill level 1 in Fire Magic
  1415 | D:2      | Reached skill level 1 in Ice Magic
  1415 | D:2      | Reached skill level 1 in Air Magic
  1415 | D:2      | Reached skill level 1 in Earth Magic
  1415 | D:2      | Reached skill level 1 in Poison Magic
  1594 | D:2      | Found a faded altar of an unknown god.
  2061 | D:3      | Learned a level 1 spell: Apportation
  2073 | D:3      | Found a shimmering altar of Xom.
  2096 | D:3      | Noticed a black bear
  2102 | D:3      | Killed a black bear
  2103 | D:3      | Reached skill level 3 in Fighting
  2103 | D:3      | Reached XP level 5. HP: 41/41 MP: 5/7
  2217 | D:2      | HP: 20/41 [orc/+0 mace (7)]
  2229 | D:2      | Reached skill level 2 in Invocations
  2480 | D:3      | Reached skill level 3 in Stealth
  2481 | D:3      | Reached XP level 6. HP: 41/47 MP: 5/8
  2620 | D:3      | Reached skill level 2 in Short Blades
  2620 | D:3      | Reached skill level 2 in Long Blades
  2620 | D:3      | Reached skill level 2 in Axes
  2620 | D:3      | Reached skill level 2 in Maces & Flails
  2620 | D:3      | Reached skill level 2 in Staves
  2620 | D:3      | Reached skill level 2 in Ranged Weapons
  2620 | D:3      | Reached skill level 2 in Throwing
  2620 | D:3      | Reached skill level 2 in Armour
  2620 | D:3      | Reached skill level 2 in Dodging
  2620 | D:3      | Reached skill level 2 in Shields
  2620 | D:3      | Reached skill level 2 in Unarmed Combat
  2620 | D:3      | Reached skill level 2 in Spellcasting
  2620 | D:3      | HP: 23/47 [poisoned by an orc priest]
  2625 | D:3      | HP: 11/47 [poisoned by an orc priest]
  2630 | D:3      | HP: 7/47 [poisoned by an orc priest]
  3680 | D:5      | Entered Level 5 of the Dungeon
  3701 | D:4      | HP: 23/47 [poisoned by a gnoll]
  3804 | D:4      | HP: 22/47 [gnoll/+0 whip[a gnoll bouda] (8)]
  3812 | D:4      | HP: 21/47 [gnoll bouda/+0 whip (1)]
  3820 | D:4      | Reached skill level 7 in Polearms
  3820 | D:4      | Reached XP level 7. HP: 25/52 MP: 10/10
  3936 | D:5      | Found Perieman's CLEARANCE SALE!.
  3944 | D:5      | Bought a wand of mindburst (11) for 15 gold pieces
  3944 | D:5      | Bought a scroll of enchant armour for 7 gold pieces
  3948 | D:5      | Reached skill level 2 in Conjurations
  3948 | D:5      | Reached skill level 2 in Hexes
  3948 | D:5      | Reached skill level 2 in Summonings
  3948 | D:5      | Reached skill level 2 in Necromancy
  3948 | D:5      | Reached skill level 2 in Translocations
  3948 | D:5      | Reached skill level 2 in Transmutations
  3948 | D:5      | Reached skill level 2 in Fire Magic
  3948 | D:5      | Reached skill level 2 in Ice Magic
  3948 | D:5      | Reached skill level 2 in Air Magic
  3948 | D:5      | Reached skill level 2 in Earth Magic
  3948 | D:5      | Reached skill level 2 in Poison Magic
  3962 | D:5      | HP: 24/52 [iguana (12)]
  3970 | D:5      | HP: 24/52 [iguana (3)]
  4086 | D:5      | HP: 23/52 [gnoll/+0 club (5)]
  4249 | D:5      | HP: 1/52 [ogre/+0 giant spiked club (31)]
  4520 | D:5      | Reached skill level 3 in Invocations
  5218 | D:6      | Reached skill level 4 in Fighting
  5222 | D:6      | HP: 24/54 [gnoll bouda/+0 club (5)]
  5224 | D:6      | Reached skill level 3 in Short Blades
  5224 | D:6      | Reached skill level 3 in Long Blades
  5224 | D:6      | Reached skill level 3 in Axes
  5224 | D:6      | Reached skill level 3 in Maces & Flails
  5224 | D:6      | Reached skill level 3 in Staves
  5224 | D:6      | Reached skill level 3 in Ranged Weapons
  5224 | D:6      | Reached skill level 3 in Throwing
  5224 | D:6      | Reached skill level 3 in Armour
  5224 | D:6      | Reached skill level 3 in Dodging
  5224 | D:6      | Reached skill level 3 in Shields
  5224 | D:6      | Reached skill level 3 in Unarmed Combat
  5224 | D:6      | Reached skill level 3 in Spellcasting
  5224 | D:6      | Reached XP level 8. HP: 26/60 MP: 12/12
  5227 | D:6      | HP: 15/60 [gnoll bouda/+0 club (8)]
  5624 | D:5      | Reached skill level 4 in Stealth
  5901 | D:5      | Found a shadowy altar of Dithmenos.
  5908 | D:5      | Found a shimmering blue altar of Sif Muna.
  5908 | D:5      | Found a sparkling altar of Nemelex Xobeh.
  6104 | D:5      | Reached skill level 11 in Evocations
  6489 | D:6      | Noticed a yak
  6489 | D:6      | Noticed a yak
  6489 | D:6      | Noticed a yak
  6507 | D:5      | Killed a yak
  6670 | D:6      | Noticed a yak
  6678 | D:6      | HP: 28/61 [yak (7)]
  6685 | D:5      | Killed a yak
  6686 | D:5      | Reached skill level 3 in Conjurations
  6686 | D:5      | Reached skill level 3 in Hexes
  6686 | D:5      | Reached skill level 3 in Summonings
  6686 | D:5      | Reached skill level 3 in Necromancy
  6686 | D:5      | Reached skill level 3 in Translocations
  6686 | D:5      | Reached skill level 3 in Transmutations
  6686 | D:5      | Reached skill level 3 in Fire Magic
  6686 | D:5      | Reached skill level 3 in Ice Magic
  6686 | D:5      | Reached skill level 3 in Air Magic
  6686 | D:5      | Reached skill level 3 in Earth Magic
  6686 | D:5      | Reached skill level 3 in Poison Magic
  6686 | D:5      | Reached skill level 4 in Invocations
  6828 | D:6      | Noticed a yak
  6838 | D:5      | HP: 21/61 [yak (11)]
  6845 | D:5      | Killed a yak
  7008 | D:5      | HP: 28/61 [yak (9)]
  7010 | D:5      | Killed a yak
  7011 | D:5      | Reached skill level 4 in Short Blades
  7011 | D:5      | Reached skill level 4 in Long Blades
  7011 | D:5      | Reached skill level 4 in Axes
  7011 | D:5      | Reached skill level 4 in Maces & Flails
  7011 | D:5      | Reached skill level 4 in Staves
  7011 | D:5      | Reached skill level 4 in Ranged Weapons
  7011 | D:5      | Reached skill level 4 in Throwing
  7011 | D:5      | Reached skill level 4 in Armour
  7011 | D:5      | Reached skill level 4 in Dodging
  7011 | D:5      | Reached skill level 4 in Shields
  7011 | D:5      | Reached skill level 4 in Unarmed Combat
  7011 | D:5      | Reached skill level 4 in Spellcasting
  7011 | D:5      | Reached XP level 9. HP: 23/67 MP: 13/15
  7163 | D:6      | HP: 31/67 [yak (14)]
  7320 | D:6      | Reached skill level 5 in Fighting
  7505 | D:6      | Reached skill level 5 in Stealth
  7574 | D:6      | Reached skill level 8 in Polearms
  7734 | D:6      | Reached skill level 5 in Invocations
  8093 | D:6      | Learned a level 3 spell: Vhi's Electric Charge
  8528 | D:7      | Found a runed translucent gate.
  8528 | D:7      | Found a runed translucent gate.
  8528 | D:7      | Found a runed translucent gate.
  8529 | D:7      | Noticed a spectral unseen horror
  8529 | D:7      | Noticed ystael's ghost (novice MiFi)
  8717 | D:7      | Found a staircase to the Ecumenical Temple.
  8727 | D:7      | Reached skill level 4 in Conjurations
  8727 | D:7      | Reached skill level 4 in Hexes
  8727 | D:7      | Reached skill level 4 in Summonings
  8727 | D:7      | Reached skill level 4 in Necromancy
  8727 | D:7      | Reached skill level 4 in Translocations
  8727 | D:7      | Reached skill level 4 in Transmutations
  8727 | D:7      | Reached skill level 4 in Fire Magic
  8727 | D:7      | Reached skill level 4 in Ice Magic
  8727 | D:7      | Reached skill level 4 in Air Magic
  8727 | D:7      | Reached skill level 4 in Earth Magic
  8727 | D:7      | Reached skill level 4 in Poison Magic
  8745 | D:7      | HP: 34/68 [bullfrog (5)]
  8763 | Temple   | Entered the Ecumenical Temple
  9049 | Temple   | Became a worshipper of Ashenzari the Shackled
  9119 | D:7      | HP: 32/68 [sleepcap (12)]
  9264 | D:7      | Reached skill level 5 in Short Blades
  9264 | D:7      | Reached skill level 5 in Long Blades
  9264 | D:7      | Reached skill level 5 in Axes
  9264 | D:7      | Reached skill level 5 in Maces & Flails
  9264 | D:7      | Reached skill level 5 in Staves
  9264 | D:7      | Reached skill level 5 in Ranged Weapons
  9264 | D:7      | Reached skill level 5 in Throwing
  9264 | D:7      | Reached skill level 5 in Armour
  9264 | D:7      | Reached skill level 5 in Dodging
  9264 | D:7      | Reached skill level 5 in Shields
  9264 | D:7      | Reached skill level 5 in Unarmed Combat
  9264 | D:7      | Reached skill level 5 in Spellcasting
  9264 | D:7      | Reached XP level 10. HP: 54/76 MP: 17/17
  9808 | D:7      | HP: 37/76 [poisoned by a water moccasin]
  9813 | D:7      | HP: 23/76 [poisoned by a water moccasin]
  9818 | D:7      | HP: 19/76 [poisoned by a water moccasin]
 10388 | D:8      | Found a staircase to the Lair.
 10419 | D:8      | HP: 33/76 [wolf (8)]
 10424 | D:8      | HP: 17/76 [wolf (5)]
 10648 | D:8      | HP: 30/76 [troll (11)]
 10660 | D:8      | HP: 30/76 [hound (3)]
 10978 | D:8      | Reached skill level 6 in Fighting
 11476 | D:8      | Reached skill level 6 in Stealth
 11573 | D:8      | Reached * piety under Ashenzari
 11573 | D:8      | Identified a scroll of acquirement
 11753 | D:8      | Found a basalt altar of Yredelemnul.
 11908 | D:9      | HP: 31/76 [troll (12)]
 11911 | D:9      | Reached skill level 6 in Invocations
 11919 | D:9      | HP: 38/76 [orc priest/nerve-wracking pain (10)]
 12149 | D:9      | Reached ** piety under Ashenzari
 12153 | D:9      | Noticed a kobold demonologist
 12279 | D:8      | Noticed a sun demon
 12302 | D:8      | Killed a kobold demonologist
 12385 | D:9      | Noticed a cyclops
 12420 | D:9      | HP: 36/79 [cyclops (16)]
 12433 | D:9      | Killed a cyclops
 12467 | D:9      | HP: 38/79 [orc warrior/+0 glaive (7)]
 12784 | D:9      | HP: 39/79 [wyvern (11)]
 12941 | D:9      | Acquired the +3 pair of seven-league boots {Rampage+∞}
 12941 | D:9      | Found the +3 pair of seven-league boots {Rampage+∞}
 12973 | D:10     | Entered Level 10 of the Dungeon
 13132 | D:10     | Found a stormy altar of Qazlal.
 13248 | D:10     | Found a burning altar of Makhleb.
 13251 | D:10     | Noticed an Executioner
 13255 | D:10     | Reached skill level 9 in Polearms
 13255 | D:10     | Reached skill level 12 in Evocations
 13258 | D:10     | Reached skill level 6 in Short Blades
 13258 | D:10     | Reached skill level 6 in Long Blades
 13258 | D:10     | Reached skill level 6 in Axes
 13258 | D:10     | Reached skill level 6 in Maces & Flails
 13258 | D:10     | Reached skill level 6 in Staves
 13258 | D:10     | Reached skill level 6 in Ranged Weapons
 13258 | D:10     | Reached skill level 6 in Throwing
 13258 | D:10     | Reached skill level 6 in Armour
 13258 | D:10     | Reached skill level 6 in Dodging
 13258 | D:10     | Reached skill level 6 in Shields
 13258 | D:10     | Reached skill level 6 in Unarmed Combat
 13258 | D:10     | Reached skill level 6 in Spellcasting
 13282 | D:10     | Found a glowing silver altar of Zin.
 13282 | D:10     | Noticed an angel
 13337 | D:10     | Reached skill level 5 in Conjurations
 13337 | D:10     | Reached skill level 5 in Hexes
 13337 | D:10     | Reached skill level 5 in Summonings
 13337 | D:10     | Reached skill level 5 in Necromancy
 13337 | D:10     | Reached skill level 5 in Translocations
 13337 | D:10     | Reached skill level 5 in Transmutations
 13337 | D:10     | Reached skill level 5 in Fire Magic
 13337 | D:10     | Reached skill level 5 in Ice Magic
 13337 | D:10     | Reached skill level 5 in Air Magic
 13337 | D:10     | Reached skill level 5 in Earth Magic
 13337 | D:10     | Reached skill level 5 in Poison Magic
 13337 | D:10     | Reached XP level 11. HP: 86/86 MP: 21/21
 13391 | D:10     | Noticed a green ugly thing
 13399 | D:10     | Killed a green ugly thing
 13434 | D:10     | Noticed a two-headed ogre
 13582 | D:10     | Killed a two-headed ogre
 13699 | D:10     | Noticed a deep troll
 13719 | D:10     | Killed a deep troll
 13720 | D:10     | Reached skill level 7 in Fighting
 13720 | D:10     | Reached skill level 7 in Invocations
 13861 | D:10     | HP: 41/86 [vampire (7)]
 13866 | D:10     | HP: 30/86 [vampire (3)]
 13871 | D:10     | HP: 32/86 [vampire (4)]
 13983 | D:11     | Found a staircase to the Orcish Mines.
 14145 | D:11     | Reached *** piety under Ashenzari
 14151 | D:11     | Learned a level 4 spell: Manifold Assault
 14211 | D:11     | Reached skill level 7 in Stealth
 14366 | D:11     | Noticed a manticore
 14423 | D:11     | Killed a manticore
 14531 | D:11     | Noticed Psyche
 14537 | D:11     | Killed Psyche
 14703 | D:11     | Reached **** piety under Ashenzari
 14747 | D:11     | Noticed a boulder beetle
 14771 | D:11     | Killed a boulder beetle
 15015 | D:12     | Noticed a manticore
 15020 | D:12     | Noticed a boulder beetle
 15020 | D:12     | Noticed a manticore
 15052 | D:12     | HP: 38/93 [manticore (16)]
 15056 | D:12     | Killed a manticore
 15060 | D:12     | HP: 45/93 [manticore (12)]
 15064 | D:12     | Killed a manticore
 15067 | D:12     | HP: 38/93 [boulder beetle (12)]
 15072 | D:12     | Killed a boulder beetle
 15073 | D:12     | Reached skill level 7 in Short Blades
 15073 | D:12     | Reached skill level 7 in Long Blades
 15073 | D:12     | Reached skill level 7 in Axes
 15073 | D:12     | Reached skill level 7 in Maces & Flails
 15073 | D:12     | Reached skill level 7 in Staves
 15073 | D:12     | Reached skill level 7 in Ranged Weapons
 15073 | D:12     | Reached skill level 7 in Throwing
 15073 | D:12     | Reached skill level 7 in Armour
 15073 | D:12     | Reached skill level 7 in Dodging
 15073 | D:12     | Reached skill level 7 in Shields
 15073 | D:12     | Reached skill level 7 in Unarmed Combat
 15073 | D:12     | Reached skill level 7 in Spellcasting
 15169 | D:12     | Noticed a two-headed ogre
 15181 | D:12     | HP: 42/93 [two-headed ogre/+0 giant spiked club (20)]
 15182 | D:12     | Killed a two-headed ogre
 15183 | D:12     | Reached XP level 12. HP: 34/100 MP: 26/26
 15264 | D:12     | Noticed a soul eater
 15267 | D:12     | Reached skill level 6 in Conjurations
 15267 | D:12     | Reached skill level 6 in Hexes
 15267 | D:12     | Reached skill level 6 in Summonings
 15267 | D:12     | Reached skill level 6 in Necromancy
 15267 | D:12     | Reached skill level 6 in Translocations
 15267 | D:12     | Reached skill level 6 in Transmutations
 15267 | D:12     | Reached skill level 6 in Fire Magic
 15267 | D:12     | Reached skill level 6 in Ice Magic
 15267 | D:12     | Reached skill level 6 in Air Magic
 15267 | D:12     | Reached skill level 6 in Earth Magic
 15267 | D:12     | Reached skill level 6 in Poison Magic
 15447 | D:12     | Reached skill level 8 in Invocations
 15734 | D:12     | Found an ornate altar of the Wu Jian Council.
 15941 | D:13     | Noticed a four-headed hydra
 15947 | D:13     | Killed a four-headed hydra
 15948 | D:13     | Reached skill level 10 in Polearms
 16025 | D:13     | Reached ***** piety under Ashenzari
 16035 | D:13     | HP: 47/102 [troll (10)]
 16040 | D:13     | HP: 22/102 [poisoned by a meliai]
 16040 | D:13     | HP: 6/102 [meliai/divine providence (8)]
 16042 | D:13     | Killed from afar by a meliai

Illustrated notes

Levels and vault maps discovered:
D:1:      mrwooster_arrival_arrow, layout_basic, minmay_strange_pillars,
          minmay_fountain_box, minmay_rat_gold_closets
D:2:      layout_loops_ring, ebering_ecumenical_altar_sacrificial
D:3:      layout_loops_cross, mainiacjoe_overflow_brackets
D:4:      layout_rooms
D:5:      layout_basic, minitemple, skrybe_limestone_x,
          hangedman_abyss_or_decor_stagger, nicolae_shop_clearance
D:6:      minmay_razor_zed, layout_basic
D:7:      layout_layer_cave, temple_statues, gammafunk_ghost_necromancy,
          serial_rivers, chequers_serial_rivers_marsh,
          chequers_serial_rivers_micro_a, chequers_serial_rivers_large_b,
          chequers_serial_rivers_micro_c, chequers_serial_rivers_large_a
D:8:      layout_loops_corners, yredelemnul_forgotten_temple_becter,
          erik_lair_island
D:9:      layout_rooms, small_chamber_with_monster
D:10:     dreamdust_cave_troll, layout_gridville,
          grunt_temple_overflow_order_and_chaos_2, grunt_qazlal_clouds,
          nzn_life_drinkers
D:11:     layout_gridville, hiddenorc2_lemuel, minmay_statues_item,
          hangedman_glass_teeth, uniq_psyche
D:12:     nicolae_BIG_FREAKIN_CUBE, layout_basic,
          pdpol_wu_jian_five_deadly_venoms
D:13:     layout_cave_pools, david_vaults_2
Temple:   eino_temple_water

Skill      XL: |  1  2  3  4  5  6  7  8  9 10 11 12 |
---------------+-------------------------------------+-----
Evocations     | 11 12 | 12.7
Invocations    | 1 2 3 4 5 6 7 8 |  8.2
Short Blades   | 1 2 3 4 5 6 7 |  7.4
Long Blades    | 1 2 3 4 5 6 7 |  7.4
Axes           | 1 2 3 4 5 6 7 |  7.4
Maces & Flails | 1 2 3 4 5 6 7 |  7.4
Staves         | 1 2 3 4 5 6 7 |  7.4
Ranged Weapons | 1 2 3 4 5 6 7 |  7.4
Throwing       | 1 2 3 4 5 6 7 |  7.4
Armour         | 1 2 3 4 5 6 7 |  7.4
Dodging        | 1 2 3 4 5 6 7 |  7.4
Shields        | 1 2 3 4 5 6 7 |  7.4
Unarmed Combat | 1 2 3 4 5 6 7 |  7.4
Spellcasting   | 1 2 3 4 5 6 7 |  7.4
Conjurations   | 1 2 3 4 5 6 |  6.2
Hexes          | 1 2 3 4 5 6 |  6.2
Summonings     | 1 2 3 4 5 6 |  6.2
Necromancy     | 1 2 3 4 5 6 |  6.2
Translocations | 1 2 3 4 5 6 |  6.2
Transmutations | 1 2 3 4 5 6 |  6.2
Fire Magic     | 1 2 3 4 5 6 |  6.2
Ice Magic      | 1 2 3 4 5 6 |  6.2
Air Magic      | 1 2 3 4 5 6 |  6.2
Earth Magic    | 1 2 3 4 5 6 |  6.2
Poison Magic   | 1 2 3 4 5 6 |  6.2
Fighting       | 3 4 5 6 7 |  7.9
Stealth        | 3 4 5 6 7 |  7.9
Polearms       | 7 8 9 10 | 10.0

Action                     |  1- 3 |  4- 6 |  7- 9 | 10-12 || total
---------------------------+-------+-------+-------+-------++-------
  Melee: Spear             |   142 |   266 |       |    30 ||   438
         Bite              |    13 |    23 |    71 |    86 ||   193
         Punch             |       |     5 |    16 |    34 ||    55
         Dagger            |       |    55 |   441 |   339 ||   835
         Short sword       |       |       |     3 |       ||     3
         Trident           |       |       |       |   433 ||   433
  Throw: Dart              |       |       |       |     7 ||     7
 Invoke: Curse Item        |       |       |       |     8 ||     8
  Evoke: Wand              |       |     2 |    10 |    22 ||    34
         Lightning rod     |       |       |       |     3 ||     3
    Use: Scroll            |       |       |       |     2 ||     2
         Potion            |       |       |       |     2 ||     2
   Stab: Sleeping          |     6 |     3 |     2 |     4 ||    15
 Armour: Leather armour    |    20 |    95 |   158 |    34 ||   307
         Troll leather arm |       |       |       |   268 ||   268
  Dodge: Dodged            |    50 |   143 |   254 |   464 ||   911

Levels and vault maps discovered:
D:1:      mrwooster_arrival_arrow, layout_basic, minmay_strange_pillars,
          minmay_fountain_box, minmay_rat_gold_closets
D:2:      layout_loops_ring, ebering_ecumenical_altar_sacrificial
D:3:      layout_loops_cross, mainiacjoe_overflow_brackets
D:4:      layout_rooms
D:5:      layout_basic, minitemple, skrybe_limestone_x,
          hangedman_abyss_or_decor_stagger, nicolae_shop_clearance
D:6:      minmay_razor_zed, layout_basic
D:7:      layout_layer_cave, temple_statues, gammafunk_ghost_necromancy,
          serial_rivers, chequers_serial_rivers_marsh,
          chequers_serial_rivers_micro_a, chequers_serial_rivers_large_b,
          chequers_serial_rivers_micro_c, chequers_serial_rivers_large_a
D:8:      layout_loops_corners, yredelemnul_forgotten_temple_becter,
          erik_lair_island
D:9:      layout_rooms, small_chamber_with_monster
D:10:     dreamdust_cave_troll, layout_gridville,
          grunt_temple_overflow_order_and_chaos_2, grunt_qazlal_clouds,
          nzn_life_drinkers
D:11:     layout_gridville, hiddenorc2_lemuel, minmay_statues_item,
          hangedman_glass_teeth, uniq_psyche
D:12:     nicolae_BIG_FREAKIN_CUBE, layout_basic,
          pdpol_wu_jian_five_deadly_venoms
D:13:     layout_cave_pools, david_vaults_2
Temple:   eino_temple_water

Table legend: (Time is in decaauts)
 A = Elapsed time spent in this place.
 B = Non-inter-level travel time spent in this place.
 C = Inter-level travel time spent in this place.
 D = Time resting spent in this place.
 E = Time spent auto-exploring this place.
 F = Levels seen in this place.
 G = Mean time per level.
                   A        B        C        D        E       F      G
               +--------+--------+--------+--------+--------+-----+--------+
         Total |  15701 |  15224 |    477 |   2675 |   9533 |  14 | 1121.5 |
       Dungeon |  15404 |  14936 |    468 |   2569 |   9367 |  13 | 1184.9 |
        Temple |    296 |    287 |      9 |    106 |    166 |   1 |  296.0 |
               +--------+--------+--------+--------+--------+-----+--------+

Top non-repeatable levels by time:
     D:7: 2315 daAuts
     D:5: 2236 daAuts
     D:6: 1475 daAuts
     D:8: 1350 daAuts
     D:4: 1226 daAuts
     D:2: 1165 daAuts
     D:3: 1057 daAuts
    D:11: 1002 daAuts
     D:9: 917 daAuts
    D:12: 893 daAuts
    D:10: 865 daAuts
     D:1: 788 daAuts
  Temple: 296 daAuts
    D:13: 110 daAuts

Table legend:
 A = Kills in this place as a percentage of kills in the entire game.
 B = Kills by you in this place as a percentage of kills by you in the entire game.
 C = Kills by friends in this place as a percentage of kills by friends in the entire game.
 D = Other kills in this place as a percentage of other kills in the entire game.
 E = Experience gained in this place as a percentage of experience gained in the entire game.
 F = Experience gained in this place divided by the number of levels of this place that you have seen.
                   A       B       C       D       E      F
               +-------+-------+-------+-------+-------+----------------------
         Total | 100.0 | 100.0 |   N/A |   N/A | 100.0 | 1641.4
       Dungeon | 100.0 | 100.0 |   N/A |   N/A | 100.0 | 1767.6
               +-------+-------+-------+-------+-------+----------------------
